 Dungeon Crawl Stone Soup version 0.18.1-50-g88ac8fd (webtiles) character file.

1732729 sleepydude the Invulnerable (level 27, 188/300 HPs)
             Began as a Minotaur Berserker on Oct 5, 2016.
             Was a High Priest of Trog.
             Escaped with the Orb
             ... and 3 runes on Oct 8, 2016!
             The game lasted 07:35:58 (69682 turns).

sleepydude the Invulnerable (Minotaur Berserker)   Turns: 69682, Time: 07:35:59

Health: 188/300    AC: 51    Str: 25    XL:     27
Magic:  36/36      EV: 22    Int:  9    God:    Trog [*****.]
Gold:   932        SH: 24    Dex: 19    Spells: 0 memorised, 26 levels left

rFire  + + +     SeeInvis .     o - +9 demon whip (protect)
rCold  + + .     Gourm    .     N - +9 gold dragon armour
rNeg   + . .     Faith    .     U - +0 large shield
rPois  +         Spirit   .     z - +3 hat of Pondering {ponderous, MR+ MP+10 Int+5}
rElec  +         Dismiss  .     D - +2 cloak
rCorr  .         Reflect  .     k - +1 pair of gloves of the Hidden Eyes {rF+}
SustAt .         Harm     .     (no boots)
MR     +++..                    A - amulet "Aledeg" {RegenMP rF+}
Stlth  ..........               O - ring "Zalosk" {*Drain rF+ rN+ MP+9 Slay+3}
                                a - ring "Bareofi" {rElec rF- rC+ Str+2 Dex+3}

@: very slightly contaminated, slow, extremely resistant to hostile
enchantments, extremely unstealthy
A: retaliatory headbutt, horns 2, clumsy 1, low mp 2, regeneration 1, robust 1,
screaming 1, weak 2
a: Berserk, Trog's Hand, Brothers in Arms, Burn Spellbooks, Renounce Religion
0: Orb of Zot
}: 3/15 runes: decaying, silver, gossamer


You escaped.
You worshipped Trog.
Trog was extremely pleased with you.
You were not hungry.

You visited 9 branches of the dungeon, and saw 50 of its levels.
You visited the Abyss 1 time.
You also visited: Labyrinth, Trove and Ice Cave.

You collected 6304 gold pieces.
You spent 5372 gold pieces at shops.

Inventory:

Hand Weapons
 g - a +2 demon whip of electrocution
 o - a +9 demon whip of protection (weapon)
 x - the +6 flail "Hethruuwiu" {drain, rElec Dex+3}
   (Trog gifted it to you on level 4 of the Depths)

   A truly terrible weapon, it drains the life of those it strikes.
   It affects your dexterity (+3).
   It insulates you from electricity.
 K - a +0 whip of electrocution
Armour
 k - the +1 pair of gloves of the Hidden Eyes (worn) {rF+}
   (You found it on level 15 of the Dungeon)

   It protects you from fire.
 u - the +1 plate armour "Piarr" {MR+}
   (You bought it in a shop on level 2 of the Orcish Mines)

   It affects your resistance to hostile enchantments.
 z - the +3 hat of Pondering (worn) {ponderous, MR+ MP+10 Int+5}
   (You found it on level 5 of the Vaults)

   It affects your intelligence (+5).
   It affects your resistance to hostile enchantments.
   It affects your magic capacity (+10).
 D - a +2 cloak (worn)
 N - a +9 gold dragon armour (worn)
 U - a +0 large shield (worn)
Jewellery
 a - the ring "Bareofi" (left hand) {rElec rF- rC+ Str+2 Dex+3}
   (You acquired it on level 1 of the Vaults)

   [ring of strength]

   It affects your strength (+2).
   It affects your dexterity (+3).
   It makes you vulnerable to fire.
   It protects you from cold.
   It insulates you from electricity.
 n - an uncursed amulet of regeneration
 s - the ring of Opich {rF+ EV+4 Str+4 Stlth-}
   (You took it off a frost giant on level 4 of the Vaults)

   [ring of evasion]

   It affects your evasion (+4).
   It affects your strength (+4).
   It protects you from fire.
   It makes you less stealthy.
 w - a +3 amulet of reflection
 A - the amulet "Aledeg" (around neck) {RegenMP rF+}
   (You found it on level 5 of the Vaults)

   [amulet of magic regeneration]

   It increases your magic regeneration.
   It protects you from fire.
 B - an uncursed ring of protection from fire
 I - an uncursed ring of resist corrosion
 M - an uncursed ring of protection from cold
 O - the ring "Zalosk" (right hand) {*Drain rF+ rN+ MP+9 Slay+3}
   (You found it on level 5 of the Vaults)

   [ring of positive energy]

   It affects your accuracy and damage with ranged weapons and melee attacks
   (+3).
   It protects you from fire.
   It protects you from negative energy.
   It affects your magic capacity (+9).
   It causes draining when unequipped.
 V - an uncursed amulet of dismissal
Wands
 h - a wand of hasting (0/9)
 H - a wand of confusion (21/48)
 J - a wand of digging (8/24)
 T - a wand of digging (19/24)
 Z - a wand of hasting (2/9)
Scrolls
 e - 3 scrolls of summoning
 f - 22 scrolls of remove curse
 l - 9 scrolls of recharging
 q - 3 scrolls of blinking
 r - a scroll of enchant weapon
 y - 12 scrolls of teleportation
 E - 2 scrolls of holy word
 G - 2 scrolls of brand weapon
 L - 7 scrolls of fog
 R - 6 scrolls of magic mapping
Potions
 b - a potion of cure mutation
 j - 9 potions of curing
 p - a potion of invisibility
 v - a potion of resistance
 C - 2 potions of haste
 F - 3 potions of cancellation
 S - 2 potions of agility
 W - a potion of might
 Y - 4 potions of flight
Comestibles
 c - 29 bread rations
 m - 25 meat rations


   Skills:
 O Level 27 Fighting
 - Level 14.2 Maces & Flails
 + Level 11.2 Throwing
 O Level 27 Armour
 O Level 27 Dodging
 - Level 20.5 Shields


You had 26 spell levels left.
You didn't know any spells.

Dungeon Overview and Level Annotations

Branches:
Dungeon (15/15)            Temple (0/1) D:7            Lair (8/8) D:9
  Swamp (4/4) Lair:3       Spider (4/4) Lair:3        Slime (0/6) Lair:8
    Orc (2/2) D:11            Elf (2/3) Orc:2        Vaults (5/5) D:14
  Crypt (0/3) Vaults:3     Depths (5/5) D:15            Zot (5/5) Depths:5

Altars:
Ashenzari
Cheibriados
Dithmenos
Elyvilon
Gozag
Kikubaaqudgha
Makhleb
Nemelex Xobeh
Okawaru
Qazlal
Sif Muna
Trog
Vehumet
Yredelemnul
Zin
The Shining One
Jiyva

Shops:
D:7 (   D:8 [   D:13 (   Orc:1 }(   Orc:2 !%[[   Vaults:2 ?
Vaults:5 *??%!!=!?!   Depths:4 %%

Portals:
Hell: Depths:1 Depths:2 Depths:3 Depths:4 Depths:5
Abyss: Depths:4
Pandemonium: Depths:3 Depths:4
Ziggurat: Depths:3


Innate Abilities, Weirdness & Mutations

You reflexively headbutt those who attack you in melee.
You have a pair of horns on your head.
You are clumsy. (Dex -2)
Your magical capacity is very low (-20% MP).
Your natural rate of healing is unusually fast.
You are robust (+10% HP).
You occasionally shout uncontrollably at your foes.
You are very weak. (Str -4)


Message History

You whack the Ice Fiend! You headbutt the Ice Fiend.
You kill the Ice Fiend!
Trog accepts your kill.
Drink which item? (? for menu, Esc to quit)
You feel much better.
Drink which item? (? for menu, Esc to quit)
You feel much better.
Drink which item? (? for menu, Esc to quit)
You feel much better.
You hear a grinding noise.
You hear a grinding noise.
You see here a dagger.
You see here a hobgoblin skeleton.
You hear a grinding noise.
Evoke which item? (* to show all) (? for menu, Esc to quit)
Zapping:
J - a wand of digging (9/24)
Press: ? - help, Shift-Dir - straight line The rock shatters into small pieces.
This wand has 8 charges left.
There is a staircase leading out of the dungeon here.
You have escaped!

##### ##### ##### ###
#..)###...###...# ##.#########
#.8.....8.....@.####.#.........
#...###...............รท)...####
##.## ###########...#.####.....
#...###...###...#..........####
#.8.....8.....8.#####.####.#
#...###...###...# #.# #.####
##### ##### ##.## #.####.....
#...###...###...# #...######.
#.8.....8.....8.### ###.#...##.


There were no monsters in sight!

Vanquished Creatures
  5 ancient liches
  The ghost of Lems the Conqueror, a legendary MiFi of Okawaru (Zot:5)
  4 orbs of fire
  4 Killer Klowns
  4 curse toes
  A caustic shrike (Depths:4)
  10 golden dragons
  Nikola (Swamp:4)
  2 bone dragons (Depths:5)
  Jorgrun (Vaults:2)
  6 liches
  11 tentacled monstrosities
  2 electric golems (Zot:5)
  An Ice Fiend (D:1)
  19 Orb Guardians
  Asterion (Spider:1)
  9 titans
  An ancient champion (Vaults:3)
  A tentacled starspawn (Abyss:2)
  2 sphinxes
  Gastronok (D:12)
  An Executioner (Zot:5)
  7 shadow dragons
  3 tengu reavers
  4 death cobs
  A thorn hunter (Swamp:3)
  16 storm dragons
  Kirke (Swamp:4)
  9 fire giants
  The ghost of charan the Geomancer, an adept GrEE of Vehumet (Elf:2)
  4 draconian scorchers
  An iron dragon (Depths:3)
  A balrug (Depths:5)
  4 draconian monks (Zot:2)
  8 ghost moths
  4 draconian knights
  The ghost of Lems the Severer, a journeyman MiFi of Okawaru (Spider:1)
  8 emperor scorpions
  14 vault wardens
  8 frost giants
  3 draconian zealots
  4 draconian shifters
  6 draconian annihilators
  A curse skull (Vaults:3)
  A spriggan defender (Depths:4)
  2 war gargoyles
  3 draconian callers
  28 very ugly things
  An apis (Depths:4)
  12 stone giants
  7 green draconians
  13 ironheart preservers
  3 deep elf annihilators
  A juggernaut skeleton (Depths:3)
  2 vampire knights
  3 salamander stormcallers
  5 deep elf demonologists
  5 yellow draconians
  7 red draconians
  13 white draconians
  4 spark wasps
  3 lorocyprocas
  4 mottled draconians
  12 purple draconians
  11 black draconians
  7 ettins
  2 blizzard demons (IceCv)
  A crystal guardian (Depths:2)
  3 jiangshi (Depths:3)
  36 vault guards
  11 fire dragons
  A deep elf death mage (Vaults:5)
  2 deep elf high priests
  2 fire dragons (shapeshifter) (Depths:2)
  An ice dragon (shapeshifter) (Depths:2)
  7 great orbs of eyes
  15 yaktaur captains
  3 ghost crabs
  20 ice dragons
  A quicksilver dragon skeleton (Depths:1)
  11 rakshasas
  2 entropy weavers
  21 hydras
  A catoblepas (Lair:7)
  8 centaur warriors
  8 spriggan air magi
  4 death knights
  16 ogre magi
  An anaconda (shapeshifter) (Depths:2)
  Erica (Orc:1)
  A hell hog (Depths:4)
  11 deep troll shamans
  4 alligators
  13 death yaks
  13 deep troll earth magi
  5 thrashing horrors (Abyss:2)
  27 dancing weapons
  3 vampire magi
  3 spriggan berserkers
  6 orc high priests
  Urug (D:10)
  2 sun demons
  A wretched star (Abyss:2)
  3 fire crabs (shapeshifter)
  3 fire crabs
  2 salamander mystics
  2 hell knights (Depths:2)
  9 iron trolls
  4 shadow wraiths
  19 deep elf knights
  4 giant orange brains
  4 skeletal warriors
  A death drake (Swamp:3)
  An unseen horror (shapeshifter) (Vaults:4)
  4 flayed ghosts
  3 unseen horrors
  10 deep elf archers
  6 phantasmal warriors
  2 golden dragon skeletons (Depths:3)
  A lindwurm (Depths:3)
  37 deep trolls
  A sea snake (shapeshifter) (Depths:2)
  22 ironbrand convokers
  A hill giant (shapeshifter) (Vaults:5)
  24 orc knights
  A shambling mangrove (Swamp:4)
  6 wizards
  5 swamp dragons
  A mana viper (shapeshifter) (Depths:3)
  9 hill giants
  2 lindwurms (shapeshifter)
  2 shining eyes (shapeshifter) (Vaults:5)
  Pikel (D:5)
  12 harpies
  A spectral hydra (Swamp:4)
  5 necromancers
  16 orb spiders
  52 deep elf magi
  50 ugly things
  4 hornets
  8 griffons
  An orc sorcerer (Elf:2)
  3 stone giant zombies
  45 wolf spiders
  A frost giant zombie (Vaults:1)
  5 manticores
  11 moths of wrath
  7 salamanders
  8 cyclopes
  A worldbinder (Abyss:2)
  2 centaur zombies
  3 elephants (Lair:7)
  4 black mambas
  An octopode (shapeshifter) (Vaults:3)
  A black mamba (shapeshifter) (Vaults:4)
  An apocalypse crab (Abyss:2)
  A moth of wrath (shapeshifter) (Vaults:5)
  13 vault sentinels
  4 naga magi (Depths:2)
  A guardian serpent (shapeshifter) (Vaults:2)
  A gargoyle (Depths:2)
  A centaur skeleton (D:15)
  A spiny frog (shapeshifter) (D:13)
  2 rust devils
  An orange demon (Abyss:2)
  A smoke demon (Abyss:2)
  2 torpor snails
  18 spiny frogs
  5 spectral swamp worms (Depths:3)
  8 freezing wraiths
  4 kobold demonologists
  48 yaktaurs
  13 demonic crawlers
  5 anaconda simulacra
  7 komodo dragons
  3 rime drakes
  5 trolls
  2 swamp worm zombies (Swamp:4)
  A yaktaur (shapeshifter) (Vaults:1)
  An elf skeleton (Depths:1)
  2 hellwings
  2 hydra zombies (Swamp:4)
  5 starcursed masses (Abyss:2)
  5 ice devils (IceCv)
  38 two-headed ogres
  5 giant leeches
  2 ancient zymes (Abyss:2)
  6 spriggan druids
  9 polar bears
  A queen bee (Spider:1)
  37 jumping spiders
  A tengu conjurer (D:15)
  A polar bear (shapeshifter) (Vaults:1)
  11 boulder beetles
  5 large abominations (Abyss:2)
  10 blink frogs
  An alligator zombie (Swamp:4)
  8 bog bodies
  A hornet zombie (D:15)
  A human simulacrum (Vaults:1)
  A boulder beetle (shapeshifter) (Depths:4)
  Sigmund (D:2)
  36 slime creatures
  4 flying skulls (Abyss:2)
  3 dire elephant simulacra (IceCv)
  9 air elementals
  6 shadows
  65 redbacks
  5 water elementals
  9 wraiths
  25 tarantellas
  5 wyverns
  3 small abominations (Abyss:2)
  35 yaks
  2 ynoxinuls
  A human (D:7)
  14 spriggans
  A vampire (D:14)
  A human (shapeshifter) (Vaults:1)
  The ghost of moonlapse the Ruffian, an amateur DrMo (D:3)
  7 basilisks
  5 hogs
  17 hippogriffs
  A golden eye (shapeshifter) (Vaults:4)
  A basilisk (shapeshifter) (Vaults:3)
  4 fire elementals
  A death yak simulacrum (IceCv)
  12 hungry ghosts
  25 vampire mosquitoes
  Menkaure (D:6)
  A spatial vortex (Abyss:2)
  A swamp worm (shapeshifter) (Depths:4)
  7 wargs
  3 harpy simulacra (IceCv)
  3 iron troll simulacra (IceCv)
  16 swamp worms
  3 mottled dragons
  7 insubstantial wisps (Swamp:4)
  17 hell hounds
  14 porcupines
  7 hydra simulacra
  15 water moccasins
  A water moccasin (shapeshifter) (Vaults:4)
  3 ice beasts
  12 swamp drakes
  4 sky beasts
  52 orc warriors
  An ettin simulacrum (Depths:1)
  11 black bears
  2 eyes of draining
  3 phantoms
  13 wasps
  A fire dragon simulacrum (Depths:2)
  A slave (D:5)
  7 boggarts (Depths:1)
  45 ogres
  22 centaurs
  27 wolves
  13 crocodiles
  4 human zombies (Vaults:1)
  A big kobold (Vaults:1)
  20 giant frogs
  An earth elemental (Elf:1)
  3 scorpions
  2 wyvern skeletons
  38 killer bees
  2 scorpions (shapeshifter)
  A troll zombie (D:11)
  13 wights
  An elephant simulacrum (IceCv)
  3 electric eels
  A swamp dragon simulacrum (IceCv)
  5 howler monkeys
  12 crimson imps
  2 giant frog zombies
  8 draconian simulacra (IceCv)
  A quasit (D:11)
  7 hounds
  5 jellies
  28 orc priests
  3 giant frog skeletons
  An iron imp (Abyss:2)
  18 orc wizards
  9 iguanas
  2 hell rats (Lair:3)
  6 troll simulacra (IceCv)
  9 worker ants
  12 sheep
  A centaur simulacrum (IceCv)
  3 ogre zombies
  3 hound skeletons
  A worker ant zombie (D:9)
  Robin (D:3)
  3 howler monkey skeletons
  17 adders
  6 gnolls
  81 river rats
  2 naga simulacra (IceCv)
  An ogre simulacrum (IceCv)
  3 shadow imps
  6 white imps
  5 ufetubi
  An ooze (D:7)
  An adder zombie (D:8)
  An adder skeleton (D:5)
  A dart slug (D:2)
  11 giant geckos
  104 orcs
  3 bats
  5 giant cockroaches
  14 goblins
  11 hobgoblins
  10 jackals
  6 quokkas
  3 ball pythons
  A giant gecko skeleton (D:4)
  A giant gecko zombie (D:5)
  3 giant newts
  A goblin skeleton (D:11)
  A hobgoblin zombie (D:11)
  7 kobolds
  8 orc zombies (D:11)
  A quokka skeleton (D:7)
  19 rats
  A plant (Lair:2)
2521 creatures vanquished.

Vanquished Creatures (collateral kills)
  An orb of fire (Zot:5)
  A juggernaut (Depths:5)
  A bone dragon (Swamp:4)
  A tentacled monstrosity (Vaults:5)
  A titan (shapeshifter) (Depths:2)
  An emperor scorpion (Spider:4)
  A stone giant (Vaults:5)
  An ironheart preserver (Vaults:5)
  2 very ugly things (Depths:5)
  A deep elf demonologist (Vaults:5)
  A small abomination (Vaults:5)
  A purple draconian (Abyss:2)
  An ettin (Vaults:5)
  A fire dragon (Zot:2)
  An entropy weaver (Depths:4)
  A minotaur (Lab)
  A deep elf high priest (Vaults:5)
  A hydra (Lair:7)
  An ice dragon (Zot:5)
  A rakshasa (Depths:4)
  A centaur warrior (Vaults:4)
  A death yak (D:10)
  A deep troll shaman (Vaults:4)
  2 hell knights (Vaults:5)
  A flayed ghost (Vaults:5)
  2 necromancers (Vaults:5)
  4 ironbrand convokers
  2 orb spiders (Spider:4)
  An ice statue (IceCv)
  A vault sentinel (Vaults:4)
  A gargoyle (D:11)
  A swamp worm zombie (Swamp:4)
  A yaktaur (Vaults:3)
  A komodo dragon (Lair:3)
  A golden dragon simulacrum (IceCv)
  An ice devil (IceCv)
  3 hydra zombies (Swamp:4)
  A jumping spider (Spider:4)
  2 polar bears
  A giant leech (Swamp:1)
  A giant leech (shapeshifter) (Vaults:5)
  2 spectral swamp dragons (Swamp:4)
  An alligator zombie (Swamp:4)
  A redback (Lair:8)
  3 spriggans (Lair:8)
  2 insubstantial wisps (Swamp:4)
  3 hell hounds (Abyss:2)
  An orc warrior (D:7)
  8 ice beasts (Swamp:1)
  A black bear (Lair:8)
  2 swamp dragon zombies (Swamp:4)
  2 ogres (Vaults:3)
  2 phantoms (Swamp:4)
  3 orc priests (Orc:2)
  An orc wizard (D:7)
  A spectral swamp drake (Swamp:4)
  A worker ant (D:11)
  3 ogre zombies (D:11)
  4 swamp drake zombies (Swamp:4)
  4 river rats
  3 orcs
  A goblin skeleton (D:11)
  A hobgoblin skeleton (D:11)
  A hobgoblin zombie (D:11)
  An orc skeleton (D:11)
  5 orc zombies (D:11)
  A plant (Lair:7)
109 creatures vanquished.

Vanquished Creatures (others)
  An orb of fire (Zot:5)
  Margery (Vaults:5)
  A lich (Vaults:4)
  A storm dragon (Zot:5)
  A fire giant (Depths:4)
  An ironheart preserver (Vaults:3)
  A deep elf elementalist (Vaults:5)
  2 draconian scorchers (Zot:5)
  2 draconian annihilators (Zot:5)
  A very ugly thing (Vaults:2)
  A stone giant (Vaults:3)
  4 red draconians (Zot:5)
  Josephine (Lair:4)
  2 yaktaur captains (Depths:3)
  2 ugly things
  A spiny frog (Swamp:4)
  2 yaktaurs (Depths:3)
  A jumping spider (Spider:2)
  A redback (Spider:3)
  An air elemental (Depths:3)
  A harpy simulacrum (Depths:2)
  2 swamp worms (Swamp:4)
  An orc warrior (D:11)
  A wasp (Swamp:4)
  A giant frog (D:5)
  2 orc wizards (D:11)
  A worker ant (D:11)
  3 orcs
  A jackal (D:5)
  46 fungi
  8 plants
95 creatures vanquished.

Grand Total: 2725 creatures vanquished

Notes
Turn   | Place    | Note
--------------------------------------------------------------
     0 | D:1      | sleepydude the Minotaur Berserker began the quest for the Orb.
     0 | D:1      | Reached XP level 1. HP: 19/19 MP: 0/0
   249 | D:1      | Reached XP level 2. HP: 24/27 MP: 1/1
   826 | D:1      | Reached XP level 3. HP: 33/33 MP: 2/2
   900 | D:2      | Found a snail-covered altar of Cheibriados.
   972 | D:2      | Noticed Sigmund
   983 | D:2      | Killed Sigmund
   983 | D:2      | Reached skill level 5 in Fighting
   983 | D:2      | Reached XP level 4. HP: 13/42 MP: 3/3
   983 | D:2      | Reached XP level 5. HP: 14/48 MP: 4/4
  1264 | D:2      | Reached skill level 5 in Maces & Flails
  1290 | D:2      | Reached ** piety under Trog
  1549 | D:2      | Found an opulent altar of Gozag.
  1549 | D:2      | Found a glowing silver altar of Zin.
  1796 | D:3      | Reached XP level 6. HP: 56/56 MP: 5/5
  1802 | D:3      | Noticed moonlapse's ghost (amateur DrMo)
  1810 | D:3      | Killed moonlapse's ghost
  2003 | D:3      | Reached skill level 5 in Armour
  2576 | D:3      | Reached *** piety under Trog
  2660 | D:3      | Reached XP level 7. HP: 62/62 MP: 6/6
  2669 | D:3      | Noticed Robin
  2673 | D:3      | Killed Robin
  3937 | D:5      | Entered Level 5 of the Dungeon
  4318 | D:5      | Noticed Pikel
  4332 | D:5      | Killed Pikel
  4332 | D:5      | Reached skill level 5 in Dodging
  4332 | D:5      | Reached XP level 8. HP: 73/73 MP: 7/7
  4357 | D:5      | Found a sparkling altar of Nemelex Xobeh.
  4446 | D:5      | Found a glowing golden altar of the Shining One.
  4453 | D:5      | Reached **** piety under Trog
  4709 | D:5      | Found a basalt altar of Yredelemnul.
  4727 | D:5      | Noticed a profane servitor
  4833 | D:5      | Noticed an angel
  5198 | D:6      | Noticed Menkaure
  5206 | D:6      | Killed Menkaure
  5412 | D:6      | Noticed a troll
  5422 | D:6      | Killed a troll
  5422 | D:6      | Reached XP level 9. HP: 81/81 MP: 8/8
  5762 | D:6      | Found a bloodstained altar of Trog.
  6227 | D:7      | Found a staircase to the Ecumenical Temple.
  6801 | D:7      | Reached ***** piety under Trog
  7053 | D:7      | Got an ichor-stained ring mail
  7054 | D:7      | Identified the +4 ring mail "Ecaejos" {rCorr MP-9 Int+7} (You found it on level 7 of the Dungeon)
  7063 | D:7      | Found Pumeagao's Weapon Shoppe.
  7438 | D:8      | Found an iron altar of Okawaru.
  7510 | D:8      | Found a white marble altar of Elyvilon.
  7724 | D:8      | Reached XP level 10. HP: 85/91 MP: 9/9
  7835 | D:8      | Received a gift from Trog
  7984 | D:8      | Found Efoh's Antique Armour Emporium.
  7990 | D:8      | Bought a warped shield for 304 gold pieces
  7995 | D:8      | Identified the +4 shield of the Sunfish {+Inv rF- rC- MP+9 Int+8} (You bought it in a shop on level 8 of the Dungeon)
  8291 | D:9      | Found a staircase to the Lair.
  8295 | D:9      | Noticed a death yak
  8296 | D:9      | Noticed a death yak
  8298 | D:9      | Noticed a death yak
  8314 | D:9      | Killed a death yak
  8328 | D:10     | Entered Level 10 of the Dungeon
  8331 | D:10     | Killed a death yak
  8331 | D:10     | Reached skill level 10 in Fighting
  8406 | D:10     | Noticed Urug
  8432 | D:10     | Killed Urug
  8432 | D:10     | Reached skill level 10 in Maces & Flails
  8432 | D:10     | Reached skill level 10 in Armour
  8622 | D:10     | Found a deep blue altar of Sif Muna.
  8966 | D:9      | Received a gift from Trog
  9008 | D:9      | Killed a death yak
  9008 | D:9      | Reached skill level 1 in Shields
  9008 | D:9      | Reached XP level 11. HP: 101/101 MP: 10/10
  9189 | D:9      | Found a radiant altar of Vehumet.
  9195 | D:9      | Found an ancient bone altar of Kikubaaqudgha.
  9198 | D:9      | Found a deep blue altar of Sif Muna.
  9287 | D:9      | Found a stormy altar of Qazlal.
  9337 | D:9      | Found Hicu's Jewellery Shop.
  9451 | D:9      | Found a shattered altar of Ashenzari.
 10312 | D:11     | Found a staircase to the Orcish Mines.
 11091 | D:11     | Reached skill level 10 in Dodging
 11160 | D:11     | Noticed a hill giant
 11171 | D:11     | Killed a hill giant
 11257 | D:11     | Noticed a hill giant
 11264 | D:11     | Killed a hill giant
 11781 | D:12     | Noticed a hill giant
 11814 | D:12     | Killed a hill giant
 12007 | D:12     | Noticed a skeletal warrior
 12030 | D:12     | Killed a skeletal warrior
 12036 | D:12     | Noticed a skeletal warrior
 12054 | D:12     | Killed a skeletal warrior
 12054 | D:12     | Reached skill level 5 in Shields
 12149 | D:12     | Noticed a green ugly thing
 12159 | D:12     | Killed a green ugly thing
 12182 | D:12     | Noticed a skeletal warrior
 12344 | Lair:1   | Entered Level 1 of the Lair of Beasts
 12344 | Lair:1   | Noticed a five-headed hydra
 12357 | Lair:1   | Killed a five-headed hydra
 12357 | Lair:1   | Reached XP level 12. HP: 81/112 MP: 11/11
 13790 | Lair:2   | You fall through a shaft for 2 floors!
 14195 | Lair:4   | Noticed a four-headed hydra
 14205 | Lair:4   | Killed a four-headed hydra
 14258 | Lair:4   | Noticed Josephine
 14275 | Lair:4   | Killed Josephine
 14386 | Lair:4   | Found a labyrinth entrance.
 14393 | Lab      | Entered a labyrinth
 14858 | Lab      | Noticed a minotaur
 14865 | Lab      | Killed a minotaur
 15468 | Lair:3   | Reached XP level 13. HP: 87/119 MP: 12/12
 15822 | Lair:3   | Received a gift from Trog
 16185 | Lair:3   | Found a hole to the Spider Nest.
 16440 | Lair:3   | Found a staircase to the Swamp.
 17926 | Lair:6   | Received a gift from Trog
 19067 | D:8      | Bought an encrusted plate armour for 896 gold pieces
 19077 | D:8      | Identified the +6 plate armour of Darkness {rC- Int+3 Dex+6 SInv} (You bought it in a shop on level 8 of the Dungeon)
 19565 | Lair:7   | Reached XP level 14. HP: 120/130 MP: 13/13
 20009 | Lair:8   | Entered Level 8 of the Lair of Beasts
 20034 | Lair:8   | Found a viscous altar of Jiyva.
 20034 | Lair:8   | Found a staircase to the Slime Pits.
 20206 | Lair:8   | Reached skill level 10 in Shields
 20518 | Lair:8   | Got a warped eveningstar
 20519 | Lair:8   | Identified the cursed +0 eveningstar of Winter {speed, +Inv MR+ MP+9 Str-5} (You found it on level 8 of the Lair of Beasts)
 20715 | Lair:8   | Received a gift from Trog
 21596 | Orc:1    | Entered Level 1 of the Orcish Mines
 21656 | Orc:1    | Noticed Erica
 21683 | Orc:1    | Killed Erica
 21870 | Orc:1    | Found Jaunoex's Weapon Shop.
 22108 | Orc:1    | Found Keblaid's Gadget Boutique.
 22245 | Orc:2    | Entered Level 2 of the Orcish Mines
 22325 | Orc:2    | Found a staircase to the Elven Halls.
 22582 | Orc:2    | Found a burning altar of Makhleb.
 22597 | Orc:2    | Received a gift from Trog
 22876 | Orc:2    | Reached skill level 15 in Armour
 23215 | Orc:1    | Reached skill level 15 in Fighting
 23427 | Orc:2    | Found Oriymusi's Distillery.
 23427 | Orc:2    | Found Ylau's Armour Shoppe.
 23444 | Orc:2    | Reached XP level 15. HP: 125/141 MP: 14/14
 23493 | Orc:2    | Found Doin's Food Emporium.
 23493 | Orc:2    | Found Kajueh's Armour Shoppe.
 23504 | Orc:2    | Bought the cursed +1 plate armour "Piarr" {MR+} for 676 gold pieces
 23504 | Orc:2    | Bought a +2 hat for 288 gold pieces
 23794 | Spider:1 | Entered Level 1 of the Spider Nest
 23794 | Spider:1 | Noticed Lems's ghost (journeyman MiFi)
 24198 | Spider:1 | Killed Lems's ghost
 24387 | Spider:1 | Reached ****** piety under Trog
 24484 | Spider:1 | Noticed Asterion
 24504 | Spider:1 | Killed Asterion
 24697 | Spider:1 | Received a gift from Trog
 26688 | Spider:3 | Got a shimmering dire flail
 26699 | Spider:3 | Identified the +8 dire flail "Woeco" {crush, MR- Int+4} (You found it on level 3 of the Spider Nest)
 27008 | Spider:3 | Received a gift from Trog
 27108 | Spider:3 | Reached XP level 16. HP: 129/152 MP: 15/15
 27229 | Spider:4 | Entered Level 4 of the Spider Nest
 27448 | Spider:4 | Reached skill level 15 in Dodging
 27696 | Spider:4 | Received a gift from Trog
 27833 | Spider:4 | Got a gossamer rune of Zot
 28789 | Swamp:1  | Entered Level 1 of the Swamp
 29039 | Swamp:1  | Found a frozen archway.
 29063 | IceCv    | Entered an ice cave
 30442 | Swamp:1  | Reached XP level 17. HP: 162/162 MP: 16/16
 31674 | Swamp:3  | Received a gift from Trog
 31686 | Swamp:3  | Got a fine great mace {god gift}
 31700 | Swamp:3  | Identified the +9 great mace "Hydraslayer" {flame, MR+ Int+4} (Trog gifted it to you on level 3 of the Swamp)
 32033 | Swamp:4  | Entered Level 4 of the Swamp
 32054 | Swamp:4  | Reached skill level 15 in Shields
 32664 | Swamp:4  | Noticed Kirke
 32673 | Swamp:4  | Killed Kirke
 32874 | Swamp:4  | Noticed Nikola
 33066 | Swamp:4  | Killed Nikola
 33332 | Swamp:4  | Received a gift from Trog
 33456 | Swamp:4  | Noticed a bone dragon
 33491 | Swamp:4  | Killed a bone dragon
 33652 | Swamp:4  | Got a decaying rune of Zot
 34219 | D:12     | Noticed Gastronok
 34243 | D:12     | Killed Gastronok
 34308 | D:12     | Got a polished chain mail
 34319 | D:12     | Identified the cursed +0 chain mail of the Desert {Int+3} (You found it on level 12 of the Dungeon)
 35046 | D:13     | Found Gyadi's Antique Weapon Emporium.
 35179 | D:13     | Gained mutation: You are robust (+10% HP). [potion of beneficial mutation]
 35612 | D:13     | Found a shadowy altar of Dithmenos.
 35838 | D:14     | Received a gift from Trog
 35985 | D:14     | Reached XP level 18. HP: 169/188 MP: 17/17
 36085 | D:14     | Found a gate to the Vaults.
 36519 | D:15     | Entered Level 15 of the Dungeon
 36758 | D:15     | Got a pair of fine gloves
 36769 | D:15     | Identified the +1 pair of gloves of the Hidden Eyes {rF+} (You found it on level 15 of the Dungeon)
 37295 | D:15     | Found a staircase to the Depths.
 37487 | Depths:1 | Entered Level 1 of the Depths
 37544 | Depths:1 | Received a gift from Trog
 38670 | Depths:1 | Found a shattered altar of Ashenzari.
 38778 | Depths:1 | Found a gateway to Hell.
 38781 | Depths:1 | You fall through a shaft!
 38781 | Depths:2 | Noticed a lich
 38794 | Depths:2 | Killed a lich
 39327 | Depths:2 | Noticed a golden dragon
 39327 | Depths:2 | a shadow dragon changed into a golden dragon
 39329 | Depths:2 | Noticed a shard shrike
 39329 | Depths:2 | a golden dragon changed into a shard shrike
 39336 | Depths:2 | Noticed a juggernaut
 39336 | Depths:2 | a shard shrike changed into a juggernaut
 39340 | Depths:2 | Noticed a hellephant
 39340 | Depths:2 | a juggernaut changed into a hellephant
 39355 | Depths:2 | a hellephant changed into a titan
 39690 | Depths:2 | Reached XP level 19. HP: 146/199 MP: 18/18
 39771 | Depths:2 | Identified a scroll of acquirement
 40153 | Depths:2 | Received a gift from Trog
 41072 | Elf:1    | Entered Level 1 of the Elven Halls
 42205 | Elf:1    | Received a gift from Trog
 42516 | Elf:2    | Found a huge runed gate.
 42516 | Elf:2    | Found a huge runed gate.
 42516 | Elf:2    | Found a huge runed gate.
 42516 | Elf:2    | Found a huge runed gate.
 42524 | Elf:2    | Found a huge runed gate.
 43187 | Elf:2    | Noticed charan's ghost (adept GrEE)
 43329 | Elf:2    | Killed charan's ghost
 43991 | Vaults:1 | Entered Level 1 of the Vaults
 43997 | Vaults:1 | Reached XP level 20. HP: 212/212 MP: 19/19
 44174 | Vaults:1 | Received a gift from Trog
 45093 | Vaults:1 | Received a gift from Trog
 45526 | Vaults:1 | Got a flickering marble ring
 45529 | Vaults:1 | Identified the ring "Bareofi" {rElec rF- rC+ Str+2 Dex+3} (You acquired it on level 1 of the Vaults)
 45696 | Vaults:1 | Paralysed by a great orb of eyes for 4 turns
 46104 | Vaults:2 | Found Qehog's Magic Scroll Boutique.
 46221 | Vaults:2 | Noticed Jorgrun
 46236 | Vaults:2 | Killed Jorgrun
 46313 | Vaults:2 | Received a gift from Trog
 46607 | Vaults:2 | Paralysed by an ogre mage for 7 turns
 46880 | Vaults:2 | Received a gift from Trog
 47293 | Vaults:3 | Received a gift from Trog
 47696 | Vaults:3 | Found a staircase to the Crypt.
 47972 | Vaults:3 | Reached XP level 21. HP: 212/222 MP: 20/20
 48521 | Vaults:3 | Received a gift from Trog
 49059 | Vaults:4 | Cast into level 2 of the Abyss (an ogre mage)
 49286 | Abyss:2  | Paralysed by you for 4 turns
 49465 | Abyss:2  | Found a corrupted altar of Lugonu.
 50421 | Vaults:4 | Escaped the Abyss
 50519 | Vaults:4 | Found a snail-covered altar of Cheibriados.
 50627 | Vaults:4 | Received a gift from Trog
 51505 | Vaults:4 | Got a brightly glowing brass ring
 51774 | Vaults:5 | Entered Level 5 of the Vaults
 51784 | Vaults:5 | Received a gift from Trog
 51821 | Vaults:5 | Reached XP level 22. HP: 223/236 MP: 21/21
 52269 | Vaults:5 | Got a silver rune of Zot
 52301 | Vaults:5 | Got a pitted lapis lazuli ring
 52318 | Vaults:5 | Identified the ring "Zalosk" {*Drain rF+ rN+ MP+9 Slay+3} (You found it on level 5 of the Vaults)
 52319 | Vaults:5 | Identified the ring of Opich {rF+ EV+4 Str+4 Stlth-} (You took it off a frost giant on level 4 of the Vaults)
 52396 | Vaults:5 | Received a gift from Trog
 52440 | Vaults:5 | Noticed a golden dragon
 52470 | Vaults:5 | Killed a golden dragon
 52704 | Vaults:5 | Noticed an ancient lich
 52707 | Vaults:5 | Noticed a golden dragon
 52727 | Vaults:5 | Killed an ancient lich
 52733 | Vaults:5 | Noticed an ancient lich
 52746 | Vaults:5 | Killed a golden dragon
 52747 | Vaults:5 | Noticed a golden dragon
 53454 | Vaults:5 | Received a gift from Trog
 53518 | Vaults:5 | Killed an ancient lich
 53654 | Vaults:5 | Paralysed by a great orb of eyes for 5 turns
 53678 | Vaults:5 | Killed a golden dragon
 53692 | Vaults:5 | Reached XP level 23. HP: 249/249 MP: 22/22
 53778 | Vaults:5 | Found Opevett's Assorted Antiques.
 53828 | Vaults:5 | Bought a scroll of fog for 80 gold pieces
 53968 | Vaults:5 | Noticed Margery
 53974 | Vaults:5 | Received a gift from Trog
 53986 | Vaults:5 | Killed Margery
 54107 | Vaults:5 | Found Kituxa Mexu's Distillery.
 54107 | Vaults:5 | Found Ynuobloss's Magic Scroll Emporium.
 54123 | Vaults:5 | Found Kicoqoed's Distillery.
 54124 | Vaults:5 | Bought a scroll of blinking for 90 gold pieces
 54299 | Vaults:5 | Found Qoycs's Jewellery Emporium.
 54299 | Vaults:5 | Found Byroa's Distillery.
 54309 | Vaults:5 | Found Yhecem's Distillery.
 54317 | Vaults:5 | Found Oxkohes's Food Shop.
 54317 | Vaults:5 | Found Iplaeb's Magic Scroll Shoppe.
 54349 | Vaults:5 | Found Fuinge's Magic Scroll Boutique.
 54388 | Vaults:5 | Bought a potion of cure mutation for 300 gold pieces
 54396 | Vaults:5 | Bought a potion of beneficial mutation for 525 gold pieces
 54414 | Vaults:5 | Bought a potion of beneficial mutation for 595 gold pieces
 54429 | Vaults:5 | Bought a potion of experience for 1150 gold pieces
 54429 | Vaults:5 | Gained mutation: You possess an exceptional clarity of mind. [potion of beneficial mutation]
 54430 | Vaults:5 | Gained mutation: You are partially covered in yellow scales (AC +2). [potion of beneficial mutation]
 55198 | Vaults:5 | Got a brightly glowing sapphire amulet
 55229 | Vaults:5 | Identified the amulet "Aledeg" {RegenMP rF+} (You found it on level 5 of the Vaults)
 55383 | Vaults:5 | Bought a scroll of enchant armour for 120 gold pieces
 55383 | Vaults:5 | Bought a scroll of enchant armour for 120 gold pieces
 55412 | Vaults:5 | Bought a scroll of enchant armour for 90 gold pieces
 55681 | Depths:3 | Received a gift from Trog
 56396 | Depths:3 | Found a one-way gate leading to the halls of Pandemonium.
 56472 | Depths:3 | Received a gift from Trog
 56581 | Depths:3 | Found a gateway to a ziggurat.
 57023 | Depths:4 | Reached XP level 24. HP: 262/262 MP: 22/22
 57351 | Depths:4 | Received a gift from Trog
 57358 | Depths:4 | Got a twisted flail {god gift}
 57359 | Depths:4 | Identified the +6 flail "Hethruuwiu" {drain, rElec Dex+3} (Trog gifted it to you on level 4 of the Depths)
 57678 | Depths:4 | Found Ment's Food Emporium.
 57742 | Depths:4 | Found a portal to a secret trove of treasure.
 57746 | Depths:4 | You paid a toll of 15 potions of curing to enter a treasure trove
 57747 | Trove    | Entered a treasure trove
 57756 | Trove    | Got an ichor-stained troll leather armour
 57759 | Trove    | Got a jewelled leather armour
 57936 | Depths:4 | Found a shattered altar of Ashenzari.
 58027 | Depths:4 | Found a one-way gate to the infinite horrors of the Abyss.
 58276 | Depths:4 | Found Bumuuc's Food Emporium.
 58652 | Depths:5 | Entered Level 5 of the Depths
 58801 | Depths:5 | Received a gift from Trog
 59191 | Vaults:5 | Bought a scroll of identify for 24 gold pieces
 59191 | Vaults:5 | Bought a scroll of identify for 24 gold pieces
 59214 | Vaults:5 | Identified the cursed +0 troll leather armour of the Scribe {Regen+ Dex+2} (You found it in a treasure trove)
 59235 | Vaults:5 | Bought a scroll of identify for 30 gold pieces
 59235 | Vaults:5 | Bought a scroll of identify for 30 gold pieces
 59235 | Vaults:5 | Bought a scroll of identify for 30 gold pieces
 59235 | Vaults:5 | Identified the +2 leather armour of the Trees {Dex+3} (You found it in a treasure trove)
 59580 | Depths:5 | Found a gate to the Realm of Zot.
 60074 | Depths:5 | Noticed a juggernaut
 60088 | Depths:5 | Killed a juggernaut
 60423 | Zot:1    | Entered Level 1 of the Realm of Zot
 61052 | Zot:1    | Gained mutation: You expend magic power (3 MP) to strengthen your wands. [a neqoxec]
 61226 | Zot:1    | Reached XP level 25. HP: 265/275 MP: 22/22
 61240 | Zot:1    | Reached XP level 26. HP: 284/286 MP: 22/22
 61369 | Zot:1    | Noticed an orb of fire
 61430 | Zot:1    | Killed an orb of fire
 62680 | Zot:2    | Received a gift from Trog
 63178 | Zot:2    | Noticed an orb of fire
 63179 | Zot:2    | Gained mutation: Armour fits poorly on your strangely shaped body. [an orb of fire]
 63191 | Zot:2    | Killed an orb of fire
 64704 | Zot:3    | Found a huge runed gate.
 64704 | Zot:3    | Found a huge runed gate.
 64712 | Zot:3    | Found a huge runed gate.
 64716 | Zot:3    | Found a huge runed gate.
 64716 | Zot:3    | Found a huge runed gate.
 64717 | Zot:3    | Found a huge runed gate.
 64787 | Zot:3    | Found a huge runed gate.
 64787 | Zot:3    | Found a huge runed gate.
 64787 | Zot:3    | Found a huge runed gate.
 64787 | Zot:3    | Found a huge runed gate.
 64787 | Zot:3    | Found a huge runed gate.
 64787 | Zot:3    | Found a huge runed gate.
 64787 | Zot:3    | Found a huge runed gate.
 64791 | Zot:3    | Reached XP level 27. HP: 294/294 MP: 22/22
 64807 | Zot:3    | Found a huge runed gate.
 64812 | Zot:3    | Found a huge runed gate.
 64812 | Zot:3    | Found a huge runed gate.
 64812 | Zot:3    | Found a huge runed gate.
 64812 | Zot:3    | Found a huge runed gate.
 64812 | Zot:3    | Found a huge runed gate.
 64812 | Zot:3    | Found a huge runed gate.
 64813 | Zot:3    | Found a huge runed gate.
 64814 | Zot:3    | Found a huge runed gate.
 64815 | Zot:3    | Found a huge runed gate.
 64829 | Zot:3    | Found a huge runed gate.
 64931 | Zot:3    | Reached skill level 27 in Armour
 65096 | Zot:3    | Found a huge runed gate.
 65096 | Zot:3    | Found a huge runed gate.
 65110 | Zot:3    | Found a huge runed gate.
 65268 | Zot:3    | Noticed an orb of fire
 65268 | Zot:3    | Noticed an ancient lich
 65268 | Zot:3    | Noticed an orb of fire
 65302 | Zot:2    | Reached skill level 27 in Fighting
 65549 | Zot:4    | Killed an ancient lich
 65826 | Zot:4    | Received a gift from Trog
 66814 | Zot:5    | Entered Level 5 of the Realm of Zot
 67086 | Zot:5    | Noticed an orb of fire
 67245 | Zot:5    | Noticed Lems's ghost (legendary MiFi)
 67251 | Zot:5    | Noticed an orb of fire
 67252 | Zot:5    | Noticed an orb of fire
 67255 | Zot:5    | Noticed an orb of fire
 67261 | Zot:5    | Gained mutation: Your magical capacity is low (-10% MP). [an orb of fire]
 67263 | Zot:5    | Gained mutation: You occasionally shout uncontrollably at your foes. [an orb of fire]
 67270 | Zot:5    | Gained mutation: You are dopey. (Int -2) [an orb of fire]
 67702 | Zot:5    | Gained mutation: Potions and wands are less effective at restoring your health. [an orb of fire]
 67830 | Zot:5    | Lost mutation: You possess an exceptional clarity of mind. [potion of cure mutation]
 67830 | Zot:5    | Lost mutation: You expend magic power (3 MP) to strengthen your wands. [potion of cure mutation]
 67830 | Zot:5    | Lost mutation: Armour fits poorly on your strangely shaped body. [potion of cure mutation]
 67830 | Zot:5    | Lost mutation: Your magical capacity is low (-10% MP). [potion of cure mutation]
 67831 | Zot:5    | Lost mutation: You are partially covered in yellow scales (AC +2). [potion of cure mutation]
 67831 | Zot:5    | Lost mutation: You are dopey. (Int -2) [potion of cure mutation]
 67831 | Zot:5    | Lost mutation: Potions and wands are less effective at restoring your health. [potion of cure mutation]
 67831 | Zot:5    | Lost mutation: You occasionally shout uncontrollably at your foes. [potion of cure mutation]
 67896 | Zot:5    | Gained mutation: Your natural rate of healing is unusually fast. [an orb of fire]
 67914 | Zot:5    | Killed an orb of fire
 67928 | Zot:5    | Gained mutation: You are weak. (Str -2) [an orb of fire]
 67939 | Zot:5    | Killed an orb of fire
 67955 | Zot:5    | Killed an orb of fire
 67966 | Zot:5    | Reached skill level 27 in Dodging
 67984 | Zot:5    | Noticed an ancient lich
 67992 | Zot:5    | Reached skill level 1 in Throwing
 68013 | Zot:5    | Killed an ancient lich
 68149 | Zot:5    | Noticed an orb of fire
 68296 | Zot:5    | Killed Lems's ghost
 68296 | Zot:5    | Reached skill level 5 in Throwing
 68351 | Zot:5    | Noticed an ancient lich
 68360 | Zot:5    | Killed an ancient lich
 68437 | Zot:5    | Gained mutation: Your magical capacity is low (-10% MP). [an orb of fire]
 68444 | Zot:5    | Gained mutation: You are very weak. (Str -4) [an orb of fire]
 68444 | Zot:5    | Gained mutation: You occasionally shout uncontrollably at your foes. [an orb of fire]
 68472 | Zot:5    | Killed an orb of fire
 68493 | Zot:5    | Received a gift from Trog
 68772 | Zot:5    | Reached skill level 10 in Throwing
 68808 | Zot:5    | Got the Orb of Zot
 68860 | Zot:5    | Noticed Xosev the pandemonium lord
 68861 | Zot:5    | Noticed an ancient lich
 68883 | Zot:5    | Gained mutation: Your magical capacity is very low (-20% MP). [an orb of fire]
 68884 | Zot:5    | Gained mutation: You are clumsy. (Dex -2) [an orb of fire]
 69204 | Depths:1 | Received a gift from Trog
 69682 | D:$      | Escaped with the Orb!

Skill      XL: |  1  2  3  4  5  6  7  8  9 10 11 12 13 14 15 16 17 18 19 20 21 22 23 24 25 26 27 |
---------------+----------------------------------------------------------------------------------+-----
Armour         | 3 4 5 6 7 9 10 11 13 14 15 16 17 18 19 20 21 22 23 24 25 26 27 | 27.0
Fighting       | 4 5 7 8 9 10 11 12 13 15 16 17 18 19 20 21 22 23 24 25 26 27 | 27.0
Maces & Flails | 4 5 7 9 10 11 12 13 14 | 14.2
Dodging        | 3 4 5 6 8 9 10 11 12 13 14 15 16 17 18 19 20 21 22 23 24 27 | 27.0
Shields        | 1 5 7 9 11 13 14 15 17 18 19 20 | 20.5
Throwing       | 11 | 11.2

Action                   |  1- 3 |  4- 6 |  7- 9 | 10-12 | 13-15 | 16-18 | 19-21 | 22-24 | 25-27 || total
-------------------------+-------+-------+-------+-------+-------+-------+-------+-------+-------++-------
Melee: Mace              |    53 |    94 |   101 |       |       |       |       |       |       ||   248
       Headbutt          |     4 |    15 |    92 |   262 |   757 |   863 |   979 |   956 |   585 ||  4513
       Whip              |       |       |   236 |   930 |  1793 |       |       |       |       ||  2959
       Morningstar       |       |       |     4 |       |     4 |       |       |       |       ||     8
       Demon whip        |       |       |       |       |   494 |  2319 |  2592 |  2155 |  1396 ||  8956
       Great mace        |       |       |       |       |       |    70 |       |       |       ||    70
Invok: Berserk           |     1 |     1 |     9 |    14 |     9 |     3 |     3 |     2 |     5 ||    47
       Burn Spellbooks   |       |     1 |       |     2 |     3 |     3 |     2 |     3 |     1 ||    15
       Brothers in Arms  |       |       |     1 |     6 |     7 |    12 |     4 |     8 |     6 ||    44
       Trog's Hand       |       |       |       |       |       |       |       |       |     1 ||     1
 Abil: Evoke Flight      |       |       |       |       |       |     1 |       |       |       ||     1
Evoke: Wand              |       |       |       |       |       |       |       |       |    13 ||    13
  Use: Scroll            |       |       |    18 |     1 |    13 |    17 |    12 |    23 |    13 ||    97
       Potion            |       |       |       |       |     2 |     4 |     4 |     5 |    13 ||    28
 Stab: Held in net/web   |       |       |       |       |     1 |       |       |       |       ||     1
       Distracted        |       |       |       |       |       |     1 |       |     1 |     4 ||     6
       Confused          |       |       |       |       |       |     1 |       |       |       ||     1
  Eat: Bread ration      |       |     1 |       |     1 |       |       |       |       |     6 ||     8
       Chunk             |       |     3 |    21 |    26 |    19 |     8 |    26 |    11 |       ||   114
       Beef jerky        |       |       |     3 |       |     2 |     2 |     4 |     1 |       ||    12
       Fruit             |       |       |       |     7 |    28 |     7 |    10 |    22 |     1 ||    75
       Meat ration       |       |       |       |     3 |       |       |       |       |     2 ||     5
       Royal jelly       |       |       |       |     1 |     2 |     5 |     1 |     1 |       ||    10
       Pizza             |       |       |       |       |       |    14 |     2 |     2 |     1 ||    19
Armor: Animal skin       |     6 |     6 |     6 |       |       |       |       |       |       ||    18
       Ring mail         |       |       |   104 |   167 |    65 |       |       |       |       ||   336
       Plate armour      |       |       |       |       |   407 |   731 |   409 |   132 |       ||  1679
       Gold dragon armou |       |       |       |       |       |       |       |   370 |   330 ||   700
Dodge: Dodged            |    34 |    65 |   188 |   253 |   686 |  1073 |   911 |   857 |   477 ||  4544
Block: Shield            |       |       |       |   394 |  1347 |  1182 |  1284 |  1013 |       ||  5220
       Reflection        |       |       |       |       |       |       |       |    46 |    17 ||    63
       Large shield      |       |       |       |       |       |       |       |   485 |  1090 ||  1575
